 Dungeon Crawl Stone Soup version 0.24-a0-725-gf1a930fc54 (webtiles) character file.

Game seed: 17877330388289499265, levelgen mode: deterministic

362344 Analysis the Slayer (level 21, -1/216 HPs)
             Began as a Centaur Hunter on Sept 30, 2019.
             Was the Champion of Okawaru.
             Killed from afar by a deep elf knight (22 damage)
             ... with a shard of ice
             ... on level 3 of the Elven Halls on Oct 1, 2019.
             The game lasted 06:42:48 (68960 turns).

Analysis the Slayer (Centaur Hunter)               Turns: 68960, Time: 06:42:51

Health: -1/216     AC: 31    Str: 27    XL:     21   Next: 51%
Magic:  27/28      EV:  5    Int:  9    God:    Okawaru [******]
Gold:   2565       SH:  0    Dex: 17    Spells: 20/20 levels left

rFire    + + +     SeeInvis +   P - +1 longbow of Otsiet {freeze, rElec}
rCold    + + .     Gourm    .   (shield currently unavailable)
rNeg     + . .     Faith    +   z - +9 scales of the Dragon King {rPois rF+ rC+ MR+}
rPois    +         Spirit   .   x - +2 helmet
rElec    +         Reflect  .   M - +2 cloak {MR+}
rCorr    +         Harm     .   V - +1 pair of gloves of Indemnity {Str+4 Int+2}
MR       +++..                  t - +3 centaur barding of the Armadillo {Int-3 Dex+3 Slay+3 SInv}
Stlth    ..........             A - amulet of the Briny Deep {Faith rF+ Dex+2 Stlth+}
HPRegen  0.46/turn              H - ring of protection from fire
MPRegen  0.21/turn              Z - ring of positive energy

@: resistant, heroism, corroded, very slightly contaminated, extremely drained,
invisible, very quick
A: large, hooves 3, deformed body, speed 2, tough skin 3, subdued magic 1
}: 2/15 runes: barnacled, gossamer
a: Heroism, Finesse, Renounce Religion


You were on level 3 of the Elven Halls.
You worshipped Okawaru.
Okawaru was exalted by your worship.
You were hungry.

You visited 9 branches of the dungeon, and saw 40 of its levels.
You also visited: Bailey, Ice Cave and Desolation.

You collected 5136 gold pieces.
You spent 2571 gold pieces at shops.

Inventory:

Hand Weapons
 P - the +1 longbow of Otsiet (weapon) {freeze, rElec}
   (Okawaru gifted it to you on level 2 of the Orcish Mines)

   It causes projectiles fired from it to freeze those they strike, causing
   extra injury to most foes and up to half again as much damage against
   particularly susceptible opponents.
   They can also slow down cold-blooded creatures.
   It insulates you from electricity.
Missiles
 d - 611 arrows (quivered)
Armour
 t - the +3 centaur barding of the Armadillo (worn) {Int-3 Dex+3 Slay+3 SInv}
   (Okawaru gifted it to you on level 4 of the Vaults)

   It affects your intelligence (-3).
   It affects your dexterity (+3).
   It affects your accuracy and damage with ranged weapons and melee attacks
   (+3).
   It lets you see invisible.
 x - a +2 helmet (worn)
 z - the +9 scales of the Dragon King (worn) {rPois rF+ rC+ MR+}
   (You bought it in a shop on level 2 of the Orcish Mines)

   It protects you from fire.
   It protects you from cold.
   It protects you from poison.
   It affects your resistance to hostile enchantments.
 B - the +5 leather armour of Supple Strength {rPois rCorr Str+6 Dex+4}
   (You found it on level 9 of the Dungeon)

   It affects your strength (+6).
   It affects your dexterity (+4).
   It protects you from poison.
   It provides partial protection from all sources of acid and corrosion.
 F - a scarf of resistance
 M - a +2 cloak of magic resistance (worn)
 V - the +1 pair of gloves of Indemnity (worn) {Str+4 Int+2}
   (Okawaru gifted it to you on level 15 of the Dungeon)

   It affects your strength (+4).
   It affects your intelligence (+2).
Jewellery
 a - an uncursed ring of stealth
 o - the ring "Enkyomp" {Fire SInv Stlth+}
   (You found it in the Desolation of Salt)

   [ring of fire]

   It enhances your fire magic.
   It protects you from fire.
   It makes you vulnerable to cold.
   It lets you see invisible.
   It makes you more stealthy.
 A - the amulet of the Briny Deep (around neck) {Faith rF+ Dex+2 Stlth+}
   (You acquired it on level 3 of the Vaults)

   [amulet of faith]

   It allows you to gain divine favour quickly.
   It affects your dexterity (+2).
   It protects you from fire.
   It makes you more stealthy.
 H - a ring of protection from fire (left hand)
 W - an uncursed ring of positive energy
 Z - a ring of positive energy (right hand)
Wands
 b - a wand of enslavement (8)
 p - a wand of digging (15)
 D - a wand of paralysis (30)
 J - a wand of acid (9)
 O - a wand of iceblast (14)
 S - a wand of disintegration (29)
 X - a wand of scattershot (9)
Scrolls
 c - 5 scrolls of enchant weapon
 e - 6 scrolls of enchant armour
 g - 10 scrolls of remove curse
 j - 3 scrolls of immolation
 k - 6 scrolls of magic mapping
 l - 11 scrolls of fear
 m - 4 scrolls of blinking
 q - 23 scrolls of teleportation
 v - 2 scrolls of silence
 y - a scroll of summoning
 E - 5 scrolls of fog
 R - a scroll of identify
 U - a scroll of brand weapon
 Y - 2 scrolls of amnesia
Potions
 h - 3 potions of magic
 i - 4 potions of berserk rage
 n - 3 potions of flight
 r - 18 potions of curing
 s - 4 potions of lignification
 u - 3 potions of agility
 w - 2 potions of cancellation
 C - 4 potions of mutation
 G - a potion of resistance
 I - 3 potions of haste
 N - a potion of might
 Q - 6 potions of ambrosia
Miscellaneous
 T - 2 phantom mirrors
Comestibles
 f - 51 rations


   Skills:
 * Level 24.8(15.7) Fighting
 + Level 21.6(15.4) Bows
 + Level 11.9(7.6) Armour
 + Level 11.9(7.7) Dodging
 - Level 0.4(0.0) Stealth
 - Level 10.0(2.1) Invocations


You had 20 spell levels left.
You didn't know any spells.
Your spell library contained the following spells:

 Spells                   Type           Power        Failure   Level  Hunger
 Animate Skeleton         Necr           N/A          100%        1    ##.....
 Apportation              Tloc           #.....       100%        1    ##.....
 Confusing Touch          Hex            #.....       100%        1    ##.....
 Flame Tongue             Conj/Fire      #....        100%        1    ##.....
 Freeze                   Ice            #...         100%        1    ##.....
 Magic Dart               Conj           #...         100%        1    ##.....
 Sandblast                Erth           #.....       100%        1    ##.....
 Shock                    Conj/Air       #...         100%        1    ##.....
 Summon Small Mammal      Summ           #...         100%        1    ##.....
 Blink                    Tloc           N/A          100%        2    ###....
 Corpse Rot               Necr           N/A          100%        2    ###....
 Ensorcelled Hibernation  Hex/Ice        #.....       100%        2    ###....
 Passwall                 Tmut/Erth      #.......     100%        2    ###....
 Poisonous Vapours        Pois/Air       #.....       100%        2    ###....
 Sublimation of Blood     Necr           #.........   100%        2    ###....
 Swiftness                Chrm/Air       #.......     100%        2    ###....
 Throw Frost              Conj/Ice       #.....       100%        2    ###....
 Gell's Gravitas          Tloc           #.........   100%        3    ####...
 Ignite Poison            Fire/Tmut/Pois #.......     100%        3    ####...
 Ozocubu's Armour         Chrm/Ice       #.......     100%        3    ####...
 Portal Projectile        Hex/Tloc       #.....       100%        3    ####...
 Regeneration             Chrm/Necr      #.........   100%        3    ####...
 Static Discharge         Conj/Air       #.......     100%        3    ####...
 Stone Arrow              Conj/Erth      #.....       100%        3    ####...
 Vampiric Draining        Necr           #.........   100%        3    ####...
 Airstrike                Air            #.........   100%        4    #####..
 Cause Fear               Hex            #.........   100%        4    #####..
 Force Lance              Conj/Tloc      #.......     100%        4    #####..
 Fulminant Prism          Conj/Hex       #.........   100%        4    #####..
 Leda's Liquefaction      Hex/Erth       #.........   100%        4    #####..
 Petrify                  Tmut/Erth      #.......     100%        4    #####..
 Alistair's Intoxication  Tmut/Pois      #.......     100%        5    ######.
 Bolt of Draining         Conj/Necr      #.........   100%        5    ######.
 Irradiate                Conj/Tmut      #.........   100%        5    ######.
 Lee's Rapid Deconstruct  Erth           #.........   100%        5    ######.
 Lightning Bolt           Conj/Air       #.........   100%        5    ######.
 Silence                  Hex/Air        #.........   100%        5    ######.
 Summon Forest            Summ/Tloc      #.........   100%        5    ######.
 Yara's Violent Unravell  Hex/Tmut       #.........   100%        5    ######.
 Bolt of Cold             Conj/Ice       #.........   100%        6    #######
 Conjure Ball Lightning   Conj/Air       #.........   100%        6    #######
 Darkness                 Hex            #.........   100%        6    #######
 Death Channel            Necr           #.........   100%        6    #######
 Deflect Missiles         Chrm/Air       #.........   100%        6    #######
 Dispersal                Tloc           #.........   100%        6    #######
 Hydra Form               Tmut           #.........   100%        6    #######
 Ozocubu's Refrigeration  Ice            #.........   100%        6    #######
 Simulacrum               Ice/Necr       #.........   100%        6    #######
 Statue Form              Tmut/Erth      #........    100%        6    #######
 Dragon Form              Tmut           #.........   100%        7    #######
 Orb of Destruction       Conj           #.........   100%        7    #######
 Summon Hydra             Summ           #.........   100%        7    #######
 Controlled Blink         Tloc           N/A          100%        8    #######
 Discord                  Hex            #.........   100%        8    #######
 Disjunction              Tloc           #.........   100%        8    #######


Dungeon Overview and Level Annotations

Branches:
Dungeon (15/15)            Temple (1/1) D:7            Lair (6/6) D:10
 Shoals (4/4) Lair:3       Spider (4/4) Lair:3        Slime (0/5) Lair:6
    Orc (2/2) D:12            Elf (3/3) Orc:2        Vaults (4/5) D:13
  Crypt (0/3) Vaults:3     Depths (1/5) D:15         Bailey (visited)
  IceCv (visited)         Desolation (visited)

Altars:
Ashenzari
Cheibriados
Dithmenos
Elyvilon
Fedhas
Gozag
Hepliaklqana
Kikubaaqudgha
Makhleb
Nemelex Xobeh
Okawaru
Qazlal
Ru
Sif Muna
Trog
Uskayaw
Vehumet
Wu Jian
Xom
Yredelemnul
Zin
The Shining One

Shops:
D:9 :   Orc:2 :[*[*   Elf:1 *   Elf:2 ?   Shoals:2 %   Shoals:4 :   Vaults:2 ?
Vaults:3 [

Portals:
Abyss: Depths:1

Annotations:
Elf:3 31 runed doors
Vaults:2 3 runed translucent doors, Neal's ghost, adept DDFi; Qyisuosupp's ghost, adept MiBe
Depths:1 Bai Suzhen, Sojobo


Innate Abilities, Weirdness & Mutations

You have hooves in place of feet.
Armour fits poorly on your strangely shaped body.
You cover ground very quickly.
You have extremely tough skin. (AC +3)
Your spells are a little easier to cast, but a little less powerful.


Message History

The deep elf mage mumbles some strange words.
The deep elf mage conjures a globe of magical energy!
A battlesphere comes into view.
You feel protected.
The deep elf knight seems less brilliant.
The deep elf mage seems less brilliant.
The deep elf knight is empowered by the deep elf high priest's aura!
The deep elf mage is empowered by the deep elf high priest's aura!
The deep elf high priest hits you but does no damage.
The deep elf knight shoots an arrow.
The arrow barely misses you.
Firing (i - inventory)
d - 612 arrows (quivered)
Press: ? - help, Shift-Dir - straight line, f/p - deep elf high priest
Aim: a deep elf high priest, wielding the +3 battleaxe of Ygimeff {flame, rF+ rC+ Str-2 Int+5} and wearing a +0 scale mail (heavily wounded, aura of brilliance)
You shoot an arrow.
The arrow barely misses the deep elf high priest.
The deep elf knight shoots an arrow.
The arrow barely misses you.
The deep elf high priest hits you but does no damage.
The deep elf knight gestures at you while chanting.
The shard of ice hits you!! You partially resist.
You die...

##........##
##........(.##
##...........(#
#.....(e*......
#.....(..#
##.(....##
#...e(...#
#.....#)e#.....#
##...##@)# ...##
##.# #..# .## ##
#..# # ###[.#
#.#..## #..(..#
#..)).# ##.)..#
##[.##


You could see a deep elf knight, a deep elf high priest, a deep elf mage and a
battlesphere.

Vanquished Creatures
  Nikola (Spider:4)
  Jory (Vaults:4)
  Arachne (Spider:2)
  Rupert (D:12)
  An Ice Fiend (IceCv)
  A lich (Vaults:4)
  A sphinx (D:9)
  A kraken (Shoals:3)
  Gastronok (D:11)
  A tengu reaver (Vaults:4)
  A fire giant (Vaults:3)
  8 deep elf sorcerers (Elf:3)
  3 ghost moths
  7 vault wardens
  A frost giant (Vaults:3)
  4 imperial myrmidons (Desolation)
  7 emperor scorpions
  8 ironheart preservers
  Louise (D:15)
  9 very ugly things (Vaults:3)
  A ghoul (Vaults:3)
  4 deep elf elementalists (Elf:3)
  2 entropy weavers
  4 stone giants
  Nessos (D:13)
  4 deep elf annihilators
  A halazid warlock (Desolation)
  4 crystal guardians (Desolation)
  7 merfolk javelineers
  3 ettins
  4 deep elf death magi
  A fire dragon (D:15)
  3 yaktaur captains
  A great orb of eyes (Vaults:2)
  6 ragged hierophants (Desolation)
  5 deep elf high priests (Elf:3)
  Josephine (Lair:5)
  8 merfolk impalers
  A rakshasa (Vaults:1)
  Harold (D:7)
  5 servants of whispers (Desolation)
  7 hydras
  4 ice dragons
  3 catoblepae
  5 merfolk aquamancers
  7 peacekeepers (Desolation)
  5 merfolk avatars
  5 centaur warriors
  3 vault guards (Vaults:1)
  25 two-headed ogres
  24 dancing weapons
  2 death knights
  7 ogre magi
  An alligator snapping turtle (Shoals:3)
  A deep troll shaman (Vaults:1)
  4 satyrs
  4 orc high priests (Orc:2)
  5 death yaks (Lair:5)
  2 deep troll earth magi
  A small abomination (Elf:3)
  A shock serpent (shapeshifter) (Vaults:4)
  22 deep elf knights
  3 tengu warriors
  3 shadow wraiths
  6 deep trolls
  9 sea snakes
  A glowing orange brain (Vaults:1)
  5 unseen horrors
  13 ironbrand convokers
  A flayed ghost (Vaults:1)
  5 deep elf archers (Elf:1)
  A harpy (shapeshifter) (Vaults:1)
  3 wizards
  18 orc knights
  A necromancer (D:13)
  7 harpies
  The ghost of Gargoyl the Chopper, a novice CeAK of Lugonu (D:6)
  69 deep elf magi
  3 phantasmal warriors
  Pikel (D:8)
  28 orb spiders
  4 oklob plants
  9 cyclopes
  11 ugly things
  24 fauns
  8 orc sorcerers
  A tengu skeleton (Vaults:1)
  28 wolf spiders
  10 manticores
  A human zombie (Vaults:1)
  2 moths of wrath
  6 guardian serpents (Desolation)
  A guardian serpent (shapeshifter) (Elf:3)
  6 vault sentinels
  Joseph (D:8)
  A water nymph (shapeshifter) (D:13)
  7 water nymphs
  11 merfolk sirens
  Maurice (Orc:1)
  An ice statue (IceCv)
  4 black mambas
  8 spiny frogs
  2 spiny frogs (shapeshifter)
  2 gargoyles
  A torpor snail (Spider:4)
  29 yaktaurs
  7 freezing wraiths
  3 anaconda simulacra (IceCv)
  7 komodo dragons
  15 demonic crawlers
  4 ice devils (IceCv)
  2 tengu conjurers (D:15)
  A polar bear (shapeshifter) (D:15)
  33 merfolk
  A meliai (D:9)
  21 jumping spiders
  A steam dragon (D:10)
  12 trolls
  4 tyrant leeches (Spider:4)
  A golden dragon simulacrum (IceCv)
  2 wind drakes (Shoals:2)
  7 polar bears
  A troll (shapeshifter) (Vaults:1)
  A wolf spider simulacrum (IceCv)
  A jumping spider (shapeshifter) (D:13)
  53 saltlings (Desolation)
  13 snapping turtles
  10 blink frogs
  11 hornets
  8 slime creatures
  A stone giant simulacrum (Vaults:1)
  12 dream sheep
  15 hippogriffs
  A flying skull (Vaults:3)
  An ettin zombie (Vaults:1)
  A human simulacrum (Vaults:2)
  15 tarantellas
  2 shadows
  3 air elementals (Elf:2)
  21 yaks
  49 redbacks
  12 spriggans (Lair:6)
  3 wyverns
  15 water elementals
  11 wraiths
  2 dire elephant simulacra (IceCv)
  A hungry ghost (D:15)
  9 fire elementals
  Eustachio (D:6)
  A golden eye (shapeshifter) (Vaults:2)
  A basilisk (D:13)
  3 vampire mosquitoes (D:14)
  4 wargs
  3 harpy simulacra (IceCv)
  An iron troll simulacrum (IceCv)
  3 soldier ants
  8 water moccasins
  3 porcupines
  4 hydra simulacra (IceCv)
  A hornet zombie (D:15)
  46 orc warriors
  5 black bears
  An elf skeleton (Vaults:1)
  4 slaves (D:8)
  2 sky beasts
  36 ogres
  2 phantoms
  An ettin simulacrum (IceCv)
  5 ice beasts
  An eye of draining (shapeshifter) (D:15)
  A necrophage (D:9)
  25 centaurs
  9 boggarts
  24 wolves
  12 crocodiles
  7 big kobolds
  20 bullfrogs
  4 gnoll sergeants
  7 earth elementals
  A water moccasin zombie (D:10)
  2 wyvern skeletons
  3 scorpions
  An elephant simulacrum (IceCv)
  2 wights (D:10)
  4 killer bees (D:7)
  A swamp dragon simulacrum (IceCv)
  A howler monkey (shapeshifter) (D:15)
  3 howler monkeys
  An electric eel (Spider:3)
  4 crimson imps
  2 bullfrog zombies
  4 centaur zombies
  4 draconian simulacra (IceCv)
  15 orc priests
  4 centaur skeletons
  4 hounds
  8 jellies
  4 bullfrog skeletons
  3 iguanas
  Crazy Yiuf (D:3)
  Jessica (D:2)
  Ijyb (D:3)
  36 orc wizards
  A spriggan simulacrum (IceCv)
  3 troll simulacra (IceCv)
  A statue (D:4)
  13 worker ants
  2 wolf simulacra (IceCv)
  A hound skeleton (D:9)
  A worker ant zombie (D:8)
  Robin (D:3)
  10 gnolls
  4 naga simulacra (IceCv)
  17 adders
  2 ogre simulacra (IceCv)
  5 shadow imps
  6 white imps (IceCv)
  An ooze (D:2)
  10 ufetubi (IceCv)
  2 adder skeletons (D:6)
  5 worms
  A dart slug (D:1)
  8 leopard geckos
  86 orcs
  A ball python (D:1)
  6 bats
  7 giant cockroaches
  7 hobgoblins
  7 jackals
  9 quokkas
  4 frilled lizards
  12 goblins
  A jackal skeleton (D:6)
  21 kobolds
  A leopard gecko skeleton (D:7)
  A quokka skeleton (D:6)
  4 rats
  A crawling corpse (Elf:3)
  A pillar of salt (Vaults:4)
  A plant (Shoals:4)
  2 tentacles (Shoals:3)
1635 creatures vanquished.

Vanquished Creatures (collateral kills)
  An orc (D:3)
1 creature vanquished.

Vanquished Creatures (others)
  A fire giant (Vaults:4)
  A deep elf knight (Vaults:2)
  A necromancer (Vaults:1)
  A harpy (Shoals:4)
  A redback (Spider:3)
  A basilisk (D:10)
  An orc wizard (Orc:2)
  2 orcs
  4 fungi
  A pillar of salt (Vaults:4)
  23 plants
  10 tentacles (Shoals:3)
47 creatures vanquished.

Grand Total: 1683 creatures vanquished

Notes
Turn   | Place    | Note
-------+----------+-------------------------------------------
     0 | D:1      | Analysis the Centaur Hunter began the quest for the Orb.
     0 | D:1      | Reached XP level 1. HP: 17/17 MP: 1/1
   303 | D:1      | Reached XP level 2. HP: 6/24 MP: 2/2
  1247 | D:1      | Reached XP level 3. HP: 30/30 MP: 3/3
  1469 | D:2      | Found a shattered altar of Ashenzari.
  1617 | D:2      | Noticed Jessica
  1657 | D:2      | Killed Jessica
  1657 | D:2      | Reached skill level 1 in Armour
  1657 | D:2      | Reached XP level 4. HP: 37/37 MP: 4/4
  2591 | D:2      | Found a basalt altar of Yredelemnul.
  2848 | D:2      | Found a white marble altar of Elyvilon.
  3055 | D:3      | Noticed Robin
  3733 | D:3      | Reached XP level 5. HP: 38/44 MP: 5/5
  3995 | D:3      | Found a runed translucent door.
  3996 | D:3      | Noticed Crazy Yiuf
  4060 | D:3      | Noticed Ijyb
  4102 | D:3      | Killed Ijyb
  4102 | D:3      | Reached skill level 3 in Fighting
  4148 | D:3      | Killed Robin
  4920 | D:4      | Reached XP level 6. HP: 49/51 MP: 6/6
  5408 | D:4      | Found a glowing golden altar of the Shining One.
  5467 | D:4      | Found a hazy altar of Hepliaklqana.
  5494 | D:4      | Reached XP level 7. HP: 58/58 MP: 7/7
  5586 | D:4      | Found a radiant altar of Vehumet.
  5795 | D:4      | Found a glowing drain.
  5900 | D:5      | Entered Level 5 of the Dungeon
  6045 | D:5      | Reached skill level 4 in Fighting
  7249 | D:6      | Found a transporter.
  7296 | D:6      | Found a transporter.
  7297 | D:6      | Noticed Gargoyl's ghost (novice CeAK)
  7311 | D:6      | Reached XP level 8. HP: 67/67 MP: 8/8
  7757 | D:6      | Noticed Eustachio
  7773 | D:6      | Killed Eustachio
  7773 | D:6      | Reached skill level 10 in Bows
  7905 | D:6      | Reached skill level 5 in Fighting
  7972 | D:7      | Found a staircase to the Ecumenical Temple.
  8010 | Temple   | Entered the Ecumenical Temple
  8021 | Temple   | Became a worshipper of Warmaster Okawaru
  8289 | D:7      | Noticed a hornet
  8415 | D:3      | Killed Crazy Yiuf
  8998 | D:7      | Noticed a hippogriff
  9089 | D:7      | Killed a hippogriff
  9089 | D:7      | Reached XP level 9. HP: 74/74 MP: 9/9
  9491 | D:7      | Reached * piety under Okawaru
  9537 | D:7      | Reached skill level 6 in Fighting
  9685 | D:7      | Noticed Harold
  9713 | D:6      | Paralysed by a hornet for 1 turns
  9717 | D:6      | Paralysed by a hornet for 3 turns
 10040 | D:6      | Paralysed by a hornet for 1 turns
 10274 | D:8      | Found a shimmering altar of Xom.
 10421 | D:8      | Noticed a troll
 10706 | D:8      | Killed a troll
 10706 | D:8      | Reached ** piety under Okawaru
 11307 | D:8      | Noticed Pikel
 11414 | D:8      | Killed Pikel
 11414 | D:8      | Reached skill level 7 in Fighting
 11734 | D:8      | Reached XP level 10. HP: 77/86 MP: 10/10
 12080 | D:8      | Found a shimmering altar of Xom.
 12097 | D:8      | Noticed Joseph
 12423 | D:8      | Killed Joseph
 12745 | D:8      | Found a shadowy altar of Dithmenos.
 12968 | D:9      | Found a transporter.
 12970 | D:9      | Found a sacrificial altar of Ru.
 12977 | D:9      | Reached *** piety under Okawaru
 12994 | D:9      | Found a bloodstained altar of Trog.
 12994 | D:9      | Noticed a sphinx
 13013 | D:9      | Found a transporter.
 13298 | D:9      | Noticed a two-headed ogre
 13363 | D:9      | Killed a two-headed ogre
 13363 | D:9      | Received a gift from Okawaru
 13363 | D:9      | Reached skill level 8 in Fighting
 13467 | D:9      | Got a dazzling leather armour
 13478 | D:9      | Identified the +5 leather armour of Supple Strength {rPois
                  | rCorr Str+6 Dex+4} (You found it on level 9 of the Dungeon)
 13618 | D:9      | Reached **** piety under Okawaru
 14005 | D:9      | Noticed a wolf spider
 14088 | D:10     | Entered Level 10 of the Dungeon
 14164 | D:10     | Noticed a two-headed ogre
 14180 | D:10     | Killed a two-headed ogre
 14619 | D:10     | Reached skill level 9 in Fighting
 14619 | D:10     | Reached skill level 15 in Bows
 14656 | D:10     | Killed an unseen horror
 14656 | D:10     | Received a gift from Okawaru
 14656 | D:10     | Reached XP level 11. HP: 84/97 MP: 14/14
 14679 | D:10     | Reached skill level 5 in Invocations
 14721 | D:10     | Noticed a tengu warrior
 14725 | D:10     | Noticed a centaur warrior
 15116 | D:10     | Killed a centaur warrior
 15116 | D:10     | Reached ***** piety under Okawaru
 15196 | D:10     | Paralysed by a centaur for 7 turns
 15208 | D:10     | Received a gift from Okawaru
 15216 | D:10     | Noticed a deep elf mage
 15234 | D:10     | Killed a deep elf mage
 15577 | D:10     | Reached skill level 10 in Fighting
 16167 | D:10     | Killed a tengu warrior
 16167 | D:10     | Received a gift from Okawaru
 16298 | D:10     | Noticed a deep elf mage
 16304 | D:10     | Killed a deep elf mage
 16553 | D:10     | Killed an unseen horror
 16920 | D:10     | Found a staircase to the Lair.
 16996 | Lair:1   | Entered Level 1 of the Lair of Beasts
 17451 | Lair:1   | Received a gift from Okawaru
 17530 | Lair:1   | Reached skill level 11 in Fighting
 18198 | Lair:2   | Noticed an eight-headed hydra
 18220 | Lair:2   | Killed an eight-headed hydra
 19069 | Lair:2   | Reached XP level 12. HP: 77/110 MP: 17/17
 19078 | Lair:2   | You fall into a shaft and drop 2 floors!
 19192 | Lair:3   | Noticed a catoblepas
 19224 | Lair:3   | Noticed a six-headed hydra
 19333 | Lair:3   | Killed a catoblepas
 19825 | Lair:3   | Found a staircase to the Shoals.
 20469 | Lair:2   | Got a warped glass ring
 20889 | Lair:2   | Identified the cursed ring "Nuulast" {*Contam rC+ Int+5
                  | Dex-3} (You found it on level 2 of the Lair of Beasts)
 20954 | Lair:3   | Gained mutation: Your spells are a little easier to cast,
                  | but a little less powerful. [mutagenic glow]
 21006 | Lair:3   | Found a hole to the Spider Nest.
 21017 | Lair:3   | Reached skill level 12 in Fighting
 21504 | Lair:3   | Killed a six-headed hydra
 22029 | Lair:4   | Noticed a six-headed hydra
 22123 | Lair:4   | Killed a six-headed hydra
 22123 | Lair:4   | Received a gift from Okawaru
 23086 | Lair:5   | Received a gift from Okawaru
 23291 | Lair:5   | Reached skill level 13 in Fighting
 23343 | Lair:5   | Noticed a seven-headed hydra
 23374 | Lair:5   | Killed a seven-headed hydra
 23564 | Lair:5   | Noticed a four-headed hydra
 23577 | Lair:5   | Killed a four-headed hydra
 23848 | Lair:5   | Noticed Josephine
 23873 | Lair:5   | Killed Josephine
 23873 | Lair:5   | Reached XP level 13. HP: 122/122 MP: 20/20
 24225 | Lair:5   | Received a gift from Okawaru
 24338 | Lair:5   | Reached skill level 10 in Invocations
 25393 | Lair:6   | Entered Level 6 of the Lair of Beasts
 25406 | Lair:6   | Received a gift from Okawaru
 25418 | Lair:6   | Found a staircase to the Slime Pits.
 25548 | Lair:6   | Reached ****** piety under Okawaru
 25548 | Lair:6   | Reached skill level 14 in Fighting
 25616 | Lair:6   | Got a warped leather armour
 25627 | Lair:6   | Identified the cursed +1 leather armour of the Orcish Mines
                  | {Int-4 Dex+7} (You found it on level 6 of the Lair of
                  | Beasts)
 26123 | Lair:6   | Received a gift from Okawaru
 26292 | Lair:6   | Received a gift from Okawaru
 26491 | Lair:6   | Received a gift from Okawaru
 26657 | Lair:6   | Reached skill level 15 in Fighting
 26982 | Lair:6   | Received a gift from Okawaru
 26994 | Lair:6   | Got a bloodstained centaur barding {god gift}
 27009 | Lair:6   | Identified the +2 centaur barding "Meyf" {Str+6} (Okawaru
                  | gifted it to you on level 6 of the Lair of Beasts)
 28218 | D:11     | Found a sacrificial altar of Ru.
 28616 | D:11     | Noticed Gastronok
 28882 | D:11     | Killed Gastronok
 28882 | D:11     | Reached XP level 14. HP: 135/135 MP: 21/21
 29188 | D:6      | Killed Gargoyl's ghost
 29623 | D:7      | Found a glowing golden altar of the Shining One.
 29780 | D:7      | Killed Harold
 30230 | D:9      | Found Giune's Book Shoppe.
 30692 | D:12     | Noticed Rupert
 31152 | D:12     | Found a staircase to the Orcish Mines.
 31429 | Orc:1    | Entered Level 1 of the Orcish Mines
 31459 | Orc:1    | Noticed Maurice
 31476 | Orc:1    | Killed Maurice
 31476 | Orc:1    | Reached skill level 16 in Fighting
 31980 | Orc:2    | Entered Level 2 of the Orcish Mines
 32044 | Orc:2    | Found a staircase to the Elven Halls.
 32187 | Orc:2    | Found Piesiefu's Assorted Antiques.
 32603 | Orc:2    | Received a gift from Okawaru
 32978 | Orc:2    | Found Vueneih's Armour Shoppe.
 32978 | Orc:2    | Found Wubro's Book Shop.
 32982 | Orc:2    | Found Usmyemaah's Armour Shop.
 32982 | Orc:2    | Found Qeareod's General Store.
 32993 | Orc:2    | Bought a +2 cloak of magic resistance for 258 gold pieces
 33014 | Orc:2    | Bought the +9 scales of the Dragon King {rPois rF+ rC+ MR+}
                  | for 1497 gold pieces
 33014 | Orc:2    | Found the +9 scales of the Dragon King {rPois rF+ rC+ MR+}
 33166 | Orc:2    | Received a gift from Okawaru
 33170 | Orc:2    | Got a warped longbow {god gift}
 33184 | Orc:2    | Identified the +1 longbow of Otsiet {freeze, rElec}
                  | (Okawaru gifted it to you on level 2 of the Orcish Mines)
 34233 | D:12     | Killed Rupert
 34233 | D:12     | Reached skill level 17 in Fighting
 34380 | D:13     | Found a glowing silver altar of Zin.
 34513 | D:13     | Received a gift from Okawaru
 34514 | D:13     | Found the +15 Maxwell's patent armour {-Cast -Tele rElec
                  | MR+ rCorr}
 34555 | D:13     | Reached XP level 15. HP: 147/147 MP: 22/22
 34782 | D:13     | Noticed Nessos
 34791 | D:13     | Killed Nessos
 34825 | D:13     | Found a gate to the Vaults.
 34916 | D:14     | Found a flagged portal.
 34923 | Bailey   | Entered a bailey
 35057 | Bailey   | Found the +7 great mace "Firestarter" {inner flame, rF++}
 35687 | D:14     | Found a blossoming altar of Fedhas.
 36347 | D:15     | Entered Level 15 of the Dungeon
 36359 | D:15     | Reached skill level 18 in Fighting
 36488 | D:15     | Noticed Louise
 36501 | D:15     | Killed Louise
 36897 | D:15     | Received a gift from Okawaru
 36913 | D:15     | Received a gift from Okawaru
 36931 | D:15     | Got a pair of ichor-stained gloves {god gift}
 36942 | D:15     | Identified the +1 pair of gloves of Indemnity {Str+4 Int+2}
                  | (Okawaru gifted it to you on level 15 of the Dungeon)
 37399 | D:15     | Found a shimmering blue altar of Sif Muna.
 37493 | D:15     | Found a staircase to the Depths.
 37588 | D:15     | Found a glowing golden altar of the Shining One.
 37660 | Depths:1 | Entered Level 1 of the Depths
 37660 | Depths:1 | Noticed Sojobo
 37660 | Depths:1 | Noticed a tengu reaver
 37660 | Depths:1 | Noticed a tengu reaver
 37661 | Depths:1 | Found a one-way gate to the infinite horrors of the Abyss.
 37662 | Depths:1 | Noticed Bai Suzhen
 38252 | Shoals:1 | Entered Level 1 of the Shoals
 38953 | Shoals:2 | Found Acuunempy's Food Emporium.
 39011 | Shoals:2 | Found a frozen archway.
 39020 | IceCv    | Entered an ice cave
 39127 | IceCv    | Received a gift from Okawaru
 39741 | IceCv    | Reached skill level 19 in Fighting
 39748 | IceCv    | Reached XP level 16. HP: 160/160 MP: 23/23
 39833 | IceCv    | Noticed an Ice Fiend
 40401 | IceCv    | Killed an Ice Fiend
 40401 | IceCv    | Reached skill level 5 in Armour
 40401 | IceCv    | Reached skill level 5 in Dodging
 40699 | IceCv    | Got a pair of faintly humming gloves
 40710 | IceCv    | Identified the cursed +0 pair of gloves of the Cuttlefish
                  | {*Slow +Fly rElec} (You found it in an ice cave)
 42216 | Shoals:3 | Noticed a kraken
 42302 | Shoals:3 | Killed a kraken
 42440 | Shoals:3 | Received a gift from Okawaru
 42579 | Shoals:3 | Received a gift from Okawaru
 42952 | Shoals:3 | Received a gift from Okawaru
 42955 | Shoals:3 | Got a twisted centaur barding {god gift}
 42969 | Shoals:3 | Identified the +3 centaur barding of a treasure trove
                  | {rPois rC- Int+2} (Okawaru gifted it to you on level 3 of
                  | the Shoals)
 43154 | Shoals:4 | Entered Level 4 of the Shoals
 43612 | Shoals:4 | Reached skill level 20 in Fighting
 44233 | Shoals:4 | Reached XP level 17. HP: 170/170 MP: 24/24
 44485 | Shoals:4 | Received a gift from Okawaru
 45221 | Shoals:4 | Got a barnacled rune of Zot
 45380 | Shoals:4 | Found Giequw's Book Emporium.
 46428 | Spider:1 | Entered Level 1 of the Spider Nest
 47451 | Spider:2 | Noticed Arachne
 47473 | Spider:2 | Killed Arachne
 47593 | Spider:2 | You fall into a shaft and drop 1 floor!
 47604 | Spider:3 | Received a gift from Okawaru
 47652 | Spider:3 | Reached skill level 21 in Fighting
 47850 | Spider:3 | Received a gift from Okawaru
 48794 | Spider:4 | Entered Level 4 of the Spider Nest
 48987 | Spider:4 | Identified a scroll of acquirement
 49058 | Spider:4 | Got a transparent chain mail
 49069 | Spider:4 | Identified the +3 chain mail "Ninozxufo" {*Corrode rPois
                  | rF- Str+10} (You found it on level 4 of the Spider Nest)
 49234 | Spider:4 | Received a gift from Okawaru
 49327 | Spider:4 | Reached XP level 18. HP: 74/182 MP: 0/25
 49691 | Spider:4 | Noticed Nikola
 49714 | Spider:4 | Killed Nikola
 51171 | Spider:4 | Got a gossamer rune of Zot
 51293 | Spider:3 | Upgraded the game from 0.24-a0-715-g0b739ee41d to
                  | 0.24-a0-725-gf1a930fc54
 51962 | Vaults:1 | Entered Level 1 of the Vaults
 52008 | Vaults:1 | Received a gift from Okawaru
 52433 | Vaults:1 | Reached skill level 22 in Fighting
 52502 | Vaults:1 | Received a gift from Okawaru
 52505 | Vaults:1 | Got a scorched longbow {god gift}
 52506 | Vaults:1 | Identified the +3 longbow "Jugomm" {freeze, MP+9 Int+4}
                  | (Okawaru gifted it to you on level 1 of the Vaults)
 53667 | Vaults:2 | Received a gift from Okawaru
 54378 | Vaults:2 | Found Cosinant's Magic Scroll Boutique.
 54392 | Vaults:2 | Bought a scroll of fear for 42 gold pieces
 54392 | Vaults:2 | Bought a scroll of teleportation for 36 gold pieces
 54392 | Vaults:2 | Bought a scroll of teleportation for 36 gold pieces
 54392 | Vaults:2 | Bought a scroll of blinking for 90 gold pieces
 54471 | Vaults:2 | Reached XP level 19. HP: 163/193 MP: 26/26
 54693 | Vaults:2 | Found a runed translucent gate.
 54693 | Vaults:2 | Found a runed translucent gate.
 54693 | Vaults:2 | Found a runed translucent gate.
 54693 | Vaults:2 | Found an ancient bone altar of Kikubaaqudgha.
 54693 | Vaults:2 | Noticed Neal's ghost (adept DDFi)
 54693 | Vaults:2 | Noticed an ancient lich
 54693 | Vaults:2 | Noticed Qyisuosupp's ghost (adept MiBe)
 54693 | Vaults:2 | Noticed a lich
 55122 | Vaults:3 | Found a staircase to the Crypt.
 55331 | Vaults:3 | Found Netaysch's Antique Armour Shoppe.
 55338 | Vaults:3 | Bought a glowing helmet for 292 gold pieces
 55725 | Vaults:3 | Received a gift from Okawaru
 55896 | Vaults:3 | Reached skill level 10 in Dodging
 55902 | Vaults:3 | Received a gift from Okawaru
 55932 | Vaults:3 | Reached skill level 10 in Armour
 56168 | Vaults:3 | Got a pitted emerald amulet
 56169 | Vaults:3 | Identified the amulet of the Briny Deep {Faith rF+ Dex+2
                  | Stlth+} (You acquired it on level 3 of the Vaults)
 56587 | Vaults:3 | Received a gift from Okawaru
 56591 | Vaults:3 | Reached skill level 23 in Fighting
 57314 | Vaults:4 | Found a ruined gateway.
 57323 | Desolati | Entered the Desolation of Salt
 57392 | Desolati | Received a gift from Okawaru
 58650 | Desolati | Got a shimmering sapphire amulet
 58963 | Desolati | Identified the cursed +0 longbow of the Slime-mould {venom,
                  | rPois MR- Str+4 Int+2}
 58963 | Desolati | Identified the ring of Hayraeps {+Blink rN+ Int+4 Dex-5}
 58971 | Desolati | Received a gift from Okawaru
 58971 | Desolati | Reached XP level 20. HP: 147/204 MP: 27/27
 58975 | Desolati | Got a jewelled centaur barding {god gift}
 58977 | Desolati | Identified the +1 leather armour of the Armadillo {rElec
                  | MP+9}
 58991 | Desolati | Identified the -6 centaur barding of the Chupacabra
                  | {*Corrode +Blink Dex+3} (Okawaru gifted it to you in the
                  | Desolation of Salt)
 59255 | Desolati | Identified the Papyrus of Unholy Toxins
 59260 | Desolati | Identified Gogh's Grimoire of Changing and Aid
 59265 | Desolati | Identified the Papyrus of Shape Shifting and Clay
 59268 | Desolati | Got a flickering bronze ring
 59269 | Desolati | Identified the Guide on the Traveller and the Frostbite
 59963 | Desolati | Identified Jitwonio's Grimoire of Fetching Sinister Arts
 59974 | Desolati | Identified the Incunabulum of Glacial Weightlessness
 59981 | Desolati | Identified the ring "Enkyomp" {Fire SInv Stlth+} (You found
                  | it in the Desolation of Salt)
 61298 | Vaults:4 | Identified the amulet of the Chupacabra {rPois Regen+} (You
                  | found it in the Desolation of Salt)
 61582 | Vaults:4 | Received a gift from Okawaru
 61753 | Vaults:4 | Noticed Jory
 61778 | Vaults:4 | Killed Jory
 62185 | Vaults:4 | Reached skill level 24 in Fighting
 62700 | Vaults:4 | Received a gift from Okawaru
 62727 | Vaults:4 | Got a steaming centaur barding {god gift}
 62738 | Vaults:4 | Identified the +3 centaur barding of the Armadillo {Int-3
                  | Dex+3 Slay+3 SInv} (Okawaru gifted it to you on level 4 of
                  | the Vaults)
 63112 | Elf:1    | Entered Level 1 of the Elven Halls
 63464 | Elf:1    | Identified Vehumet's Compendium of Conjuration
 64054 | Elf:1    | Found Annemaj's General Store.
 64057 | Elf:1    | Bought a scroll of fear for 59 gold pieces
 64057 | Elf:1    | Bought a potion of flight for 51 gold pieces
 64200 | Elf:2    | Found an ancient bone altar of Kikubaaqudgha.
 64303 | Elf:2    | Identified the +5 longbow of Integrity {venom, +Fly rPois
                  | Int+2} (You found it on level 2 of the Elven Halls)
 64350 | Elf:2    | Found Ruompy's Magic Scroll Boutique.
 64356 | Elf:2    | Bought a scroll of fear for 49 gold pieces
 64356 | Elf:2    | Bought a scroll of teleportation for 42 gold pieces
 64356 | Elf:2    | Bought a scroll of teleportation for 42 gold pieces
 64356 | Elf:2    | Bought a scroll of fear for 49 gold pieces
 64356 | Elf:2    | Bought a scroll of identify for 28 gold pieces
 64502 | Elf:2    | Received a gift from Okawaru
 64505 | Elf:2    | Identified the +1 shortbow "Beastslayer" {velocity, rF+
                  | MP+9 Dex+2} (Okawaru gifted it to you on level 2 of the
                  | Elven Halls)
 64511 | Elf:2    | Found a runed translucent gate.
 64511 | Elf:2    | Found a runed translucent gate.
 64511 | Elf:2    | Found a runed translucent gate.
 64989 | Elf:2    | Reached XP level 21. HP: 215/215 MP: 28/28
 65447 | Elf:3    | Entered Level 3 of the Elven Halls
 65450 | Elf:3    | Received a gift from Okawaru
 65545 | Elf:3    | Found a huge runed gate.
 65545 | Elf:3    | Found a huge runed gate.
 65545 | Elf:3    | Found a huge runed gate.
 65554 | Elf:3    | Found a huge runed gate.
 65555 | Elf:3    | Found a huge runed gate.
 65555 | Elf:3    | Found a huge runed gate.
 65559 | Elf:3    | Found a huge runed gate.
 65559 | Elf:3    | Found a huge runed gate.
 65559 | Elf:3    | Found a huge runed gate.
 65563 | Elf:3    | Found a huge runed gate.
 65563 | Elf:3    | Found a huge runed gate.
 65563 | Elf:3    | Found a huge runed gate.
 65563 | Elf:3    | Found a huge runed gate.
 65563 | Elf:3    | Found a huge runed gate.
 65563 | Elf:3    | Found a huge runed gate.
 65563 | Elf:3    | Found a huge runed gate.
 65564 | Elf:3    | Found a huge runed gate.
 65565 | Elf:3    | Found a huge runed gate.
 65573 | Elf:3    | Found a huge runed gate.
 65573 | Elf:3    | Found a huge runed gate.
 65653 | Elf:3    | Received a gift from Okawaru
 65808 | Elf:3    | Found a huge runed gate.
 65808 | Elf:3    | Found a huge runed gate.
 65860 | Elf:3    | Found a huge runed gate.
 65860 | Elf:3    | Found a huge runed gate.
 65860 | Elf:3    | Found a huge runed gate.
 65864 | Elf:3    | Found a huge runed gate.
 65870 | Elf:3    | Found a huge runed gate.
 65881 | Elf:3    | Found a huge runed gate.
 65906 | Elf:3    | Found a huge runed gate.
 65906 | Elf:3    | Found a huge runed gate.
 65911 | Elf:3    | Found a huge runed gate.
 65945 | Elf:3    | Received a gift from Okawaru
 67681 | D:9      | Received a gift from Okawaru
 68937 | Elf:3    | Identified the +3 battleaxe of Ygimeff {flame, rF+ rC+
                  | Str-2 Int+5}
 68954 | Elf:3    | Received a gift from Okawaru
 68960 | Elf:3    | Killed from afar by a deep elf knight

Levels and vault maps discovered:
D:1:      tarquinn_simple_flora_water_a, layout_loops_corners,
          minmay_pentomino_s4
D:2:      layout_loops_ring, kennysheep_ying_yang, nicolae_ashenzari_panopticon,
          uniq_jessica
D:3:      layout_basic, uniq_ijyb, uniq_crazy_yiuf_cottage, uniq_robin
D:4:      layout_cave_pools, lemuel_doored_altar, kennysheep_mini,
          vehumet_statue, portal_sewer_entry_d, dk_rats_in_the_wall
D:5:      layout_rooms, first_ration
D:6:      layout_rooms, gammafunk_ghost_smash, kennysheep_donut, uniq_eustachio
D:7:      minmay_bubble_buster, layout_basic, temple_statues, basic_altar,
          uniq_harold
D:8:      layout_basic, overflow_temple_1_default, old_standard_altar,
          basic_altar, nrook_uturn, blue_anna_alchemist [blue_anna_fruit_fields,
          blue_anna_fruit_fields], uniq_joseph, uniq_pikel
D:9:      layout_loops_corners, gammafunk_temple_overflow_arena, serial_shops,
          shop_fountains, minmay_three_doors
D:10:     minmay_the_grid_square_5x5_4x4
          [minmay_the_grid_square_5x5_two_walls_b,
          minmay_the_grid_square_5x5_six, minmay_the_grid_square_5x5_bracketed,
          minmay_the_grid_square_5x5_lines, minmay_the_grid_square_5x5_forky,
          minmay_the_grid_square_5x5_prize_pseudospiral,
          minmay_the_grid_square_5x5_prize_deathbox,
          minmay_the_grid_square_5x5_two,
          minmay_the_grid_square_5x5_sharp_hourglass,
          minmay_the_grid_square_5x5_prize_waves,
          minmay_the_grid_square_5x5_prize_open,
          minmay_the_grid_square_5x5_one_wall,
          minmay_the_grid_square_5x5_percent,
          minmay_the_grid_square_5x5_two_small, minmay_the_grid_square_5x5_v,
          minmay_the_grid_square_5x5_eight_small], layout_rooms,
          erik_lair_dragon
D:11:     layout_stronghold, nicolae_ru_awakened_eye, uniq_gastronok
D:12:     layout_long_grid, kennysheep_orc_monster_closet_entryway, uniq_rupert
D:13:     layout_rooms, david_vaults_1, basic_altar, uniq_nessos
D:14:     cheibrodos_elevator_heist, layout_rooms, enter_bailey_2,
          fedhas_altar_3
D:15:     grunt_enter_depths_hoard, layout_irregular_city, tgw_sif,
          nicolae_tso_swordbearing_angel, uniq_louise
Temple:   nicolae_temple_hex_pool
Lair:1:   layout_cave_pods
Lair:2:   layout_regular_city, minmay_hedge_maze, infiniplex_staircase_pool_2,
          grunt_megastairs_3, lemuel_fruit_fields
Lair:3:   layout_cave_shapes, minmay_shoals_entry_lonely_mermaid,
          spider_nest_entry_funnel_web, serial_bayou_shore_a
Lair:4:   layout_regular_city, minmay_lair_oklob_chamber, lemuel_fruit_fields
Lair:5:   layout_cave_shapes, serial_bayou_pond_a, minivault_27,
          grunt_megastairs_4, uniq_josephine
Lair:6:   minmay_lair_end_enchanted_forest, layout_regular_city,
          minmay_slime_entry_oklob_open
Shoals:1: layout_shoals
Shoals:2: layout_shoals, portal_ice_cave_entry_pillars_three, serial_shops,
          shop_statue, overgrown_tower
Shoals:3: nicolae_shoals_island_circles, layout_shoals,
          nicolae_shoals_seven_spires, st_sunken_temple
Shoals:4: shoals_end_grunt_garden, layout_shoals, serial_shops, shop
Spider:1: layout_spider_delve
Spider:2: layout_spider_delve, drop_trap, nicolae_orb_island, uniq_arachne
Spider:3: layout_spider_delve, nicolae_spider_webbed_stairs
Spider:4: grunt_spider_rune_island, hangedman_stitches_earthworm,
          nicolae_spider_cling_ruins, uniq_nikola
Orc:1:    layout_diamond_mine, uniq_maurice
Orc:2:    grunt_orc_tribal_feast, layout_caves, serial_shops, nicolae_shop_stone
Elf:1:    elf_arrival_001, layout_geoelf_octagon, serial_shops,
          nicolae_shop_trees, minmay_elf_annihilation
Elf:2:    layout_geoelf_octagon, basic_altar, serial_shops, nicolae_shop_stone
Elf:3:    minmay_elf_hall_x, layout_geoelf_grid, door_vault
Vaults:1: ontoclasm_vaults_spin, nicolae_vaults_little_ls,
          nicolae_vaults_three_branches, layout_vaults_omnigrid
Vaults:2: gammafunk_vaults_ghost_crypt, vaults_room_grid, serial_ice_b,
          v_pattern_1, v_misc_25, v_rooms_4, nicolae_vaults_network_quinsquares
          [nicolae_vaults_network_quincunx_subvault,
          nicolae_vaults_network_quincunx_subvault,
          nicolae_vaults_network_quincunx_subvault,
          nicolae_vaults_network_quincunx_subvault],
          nicolae_vaults_circle_grid_b, v_misc_23, vaults_room_hallway,
          nicolae_vaults_little_squares_3, hangedman_vaults_corner_blocks,
          hangedman_vaults_slice, layout_vaults_omnibox, serial_shops, shop
Vaults:3: vaults_room_pools, minmay_crypt_entry_simple_plaza, v_misc_23,
          v_alt_pattern_3, vaults_room_fours, dpeg_vaults_monster_box,
          ontoclasm_vaults_shuriken, nicolae_vaults_what_the_h,
          nicolae_vaults_rhombus_5, grunt_vaults_diagonal,
          nicolae_vaults_network_periphery, vaults_room_boxed,
          ontoclasm_vaults_shout, nicolae_vaults_alarming, v_misc_22,
          layout_vaults_big_cross, serial_shops, shop
Vaults:4: grunt_vaults_twisty, vaults_dpeg_cross, vaults_room_door_hall,
          v_rooms_5, v_pattern_2, nicolae_vaults_circle_grid_b,
          vaults_dpeg_ring, nicolae_vaults_theta, vaults_dpeg_encased_lava,
          grunt_vaults_hallway_long, layout_vaults_chaotic_city,
          portal_desolation_entry_garden, uniq_jory
Depths:1: layout_cave_pools, serial_shops, shop, kennysheep_flooded_box,
          abyss_entry, pf_hell_entry_tar_river, minmay_misc_feat_nine_boxes,
          serial_sigils_hangedman_writhe, serial_bayou_ford_a,
          serial_bayou_pond_e, lightli_church_of_beogh, uniq_bai_suzhen,
          uniq_aizul, uniq_sojobo

Skill      XL: |  1  2  3  4  5  6  7  8  9 10 11 12 13 14 15 16 17 18 19 20 |
---------------+-------------------------------------------------------------+-----
Bows           | 6 7 8 9 11 13 15 16 17 18 19 20 21 | 21.6
Armour         | 1 2 3 4 6 8 9 10 11 | 11.9
Dodging        | 2 3 4 6 8 9 10 11 | 11.9
Fighting       | 3 4 5 7 9 11 13 15 17 19 20 21 22 23 24 | 24.8
Invocations    | 4 7 9 10 | 10.0
Stealth        | |  0.4

Action                   |  1- 3 |  4- 6 |  7- 9 | 10-12 | 13-15 | 16-18 | 19-21 || total
-------------------------+-------+-------+-------+-------+-------+-------+-------++-------
Melee: Short sword       |    98 |   122 |     8 |       |       |       |       ||   228
       Kick              |     9 |    26 |     2 |     2 |     1 |       |       ||    40
       Shortbow          |       |       |       |     3 |       |       |       ||     3
       Longbow           |       |       |       |       |     1 |     3 |       ||     4
 Fire: Shortbow          |     6 |   174 |   672 |  1100 |  1037 |       |       ||  2989
       Longbow           |       |       |       |       |   772 |  1863 |  1655 ||  4290
Invok: Heroism           |       |       |       |       |       |     1 |     5 ||     6
       Finesse           |       |       |       |       |       |     1 |     3 ||     4
 Abil: Stop Flying       |       |       |       |     1 |       |       |       ||     1
Evoke: Wand              |       |     3 |       |    18 |       |       |     1 ||    22
       Phantom mirror    |       |       |       |     1 |       |       |       ||     1
  Use: Scroll            |       |     8 |     7 |     6 |    11 |    17 |     8 ||    57
       Potion            |       |     1 |     2 |     1 |     2 |    14 |    11 ||    31
  Eat: Chunk             |     1 |    10 |    16 |    22 |    19 |    19 |    22 ||   109
       Ration            |       |       |       |     2 |     6 |     5 |     4 ||    17
Armor: Leather armour    |    56 |    61 |    21 |   152 |   160 |    92 |       ||   542
       Scale mail        |       |       |    47 |     5 |       |       |       ||    52
       Gold dragon scale |       |       |       |       |   298 |   754 |   680 ||  1732
Dodge: Dodged            |    48 |   103 |    86 |    99 |   112 |   192 |   201 ||   841

Table legend:
 A = Non-vault XP
 B = Vault XP
 C = Vault XP percentage of total XP
 D = Non-vault monster count
 E = Vault monster count
 F = Vault count percentage of total count
                 A         B        C        D         E       F
            +---------+---------+-------+---------+---------+-------
      Total |  331992 |  316369 |  48.8 |     995 |     637 |  39.0
            +---------+---------+-------+---------+---------+-------
        D:1 |      50 |       6 |  10.7 |      21 |       3 |  12.5
        D:2 |      81 |      37 |  31.4 |      23 |       1 |   4.2
        D:3 |     135 |     105 |  43.8 |      16 |      12 |  42.9
        D:4 |     432 |      45 |   9.4 |      24 |       2 |   7.7
        D:5 |     422 |       0 |   0.0 |      10 |       0 |   0.0
        D:6 |     919 |    1039 |  53.1 |      16 |       4 |  20.0
        D:7 |     881 |    1890 |  68.2 |      23 |      11 |  32.4
        D:8 |    1188 |    1146 |  49.1 |      33 |       3 |   8.3
        D:9 |    2220 |    3634 |  62.1 |      33 |       7 |  17.5
       D:10 |    2313 |    6852 |  74.8 |      18 |      29 |  61.7
       D:11 |    1439 |    2234 |  60.8 |      14 |       1 |   6.7
       D:12 |    5003 |    4597 |  47.9 |      23 |      21 |  47.7
       D:13 |    9424 |    2843 |  23.2 |      32 |       4 |  11.1
       D:14 |    5380 |    2493 |  31.7 |      30 |       6 |  16.7
       D:15 |   16792 |    3600 |  17.7 |      38 |       3 |   7.3
     Lair:1 |    2505 |       0 |   0.0 |      11 |       0 |   0.0
     Lair:2 |    2740 |     532 |  16.3 |      10 |       2 |  16.7
     Lair:3 |    3442 |    1173 |  25.4 |      10 |       3 |  23.1
     Lair:4 |    3685 |    1185 |  24.3 |      13 |       3 |  18.8
     Lair:5 |    9432 |    2171 |  18.7 |      20 |       7 |  25.9
     Lair:6 |    7562 |   10109 |  57.2 |      22 |      53 |  70.7
   Shoals:1 |   10404 |       0 |   0.0 |      24 |       0 |   0.0
   Shoals:2 |    9513 |       0 |   0.0 |      23 |       0 |   0.0
   Shoals:3 |   25143 |    7679 |  23.4 |      49 |       9 |  15.5
   Shoals:4 |   18877 |   19906 |  51.3 |      40 |      34 |  45.9
   Spider:1 |   10259 |       0 |   0.0 |      27 |       0 |   0.0
   Spider:2 |    5058 |    6275 |  55.4 |      16 |       6 |  27.3
   Spider:3 |   18996 |    4198 |  18.1 |      47 |       4 |   7.8
   Spider:4 |    9431 |   29742 |  75.9 |      28 |      49 |  63.6
      Orc:1 |    4282 |     445 |   9.4 |      19 |       1 |   5.0
      Orc:2 |    4546 |    7768 |  63.1 |      34 |      29 |  46.0
      Elf:1 |   19471 |    7074 |  26.6 |      37 |      11 |  22.9
      Elf:2 |   15670 |   21750 |  58.1 |      28 |      28 |  50.0
      Elf:3 |   14816 |   28512 |  65.8 |      22 |      20 |  47.6
   Vaults:1 |   24265 |    9075 |  27.2 |      46 |      11 |  19.3
   Vaults:2 |   11151 |    9373 |  45.7 |      20 |      13 |  39.4
   Vaults:3 |   16800 |   37557 |  69.1 |      28 |      47 |  62.7
   Vaults:4 |   37265 |   16788 |  31.1 |      67 |      22 |  24.7
     Bailey |       0 |    2543 | 100.0 |       0 |      26 | 100.0
      IceCv |       0 |    9947 | 100.0 |       0 |      59 | 100.0
 Desolation |       0 |   52046 | 100.0 |       0 |      93 | 100.0
            +---------+---------+-------+---------+---------+-------
